Map: Dusk Towers

Players

Jigito - Winner!

  • Race: Protoss Protoss
  • League: Gold

capac

  • Race: Terran Terran
  • League: Gold

VOD

Have the link to the VOD?

Description

Time

  • Played on: March 15, 2016, 3:11 p.m.
  • Length: 3:53
Show
View Real Time Build Order
Export as new Build Order

Jigito Protoss - Winner!

Build Orders: Cannon Rush 

Get SALT Encoding   

  12  0:03  Probe (Chrono Boost)  
  13  0:13  Probe (Chrono Boost)  
  14  0:18  Pylon  
  14  0:24  Probe (Chrono Boost)  
  15  0:36  Probe (Chrono Boost)  
  15  0:39  Forge  
  16  0:47  Probe (Chrono Boost)  
  17  0:55  Pylon  
  17  1:00  Pylon  
  17  1:05  Pylon  
  17  1:11  Probe (Chrono Boost)  
  18  1:20  Photon Cannon  
  18  1:29  Photon Cannon  
  18  1:34  Probe (Chrono Boost)  
  19  1:40  Photon Cannon  
  19  1:56  Photon Cannon  
  19  1:59  Pylon  
  19  2:07  Probe (Chrono Boost)  
  19  2:17  Pylon  
  19  2:22  Probe (Chrono Boost), Pylon  
  20  2:38  Photon Cannon  
  20  2:43  Photon Cannon  
  20  2:47  Photon Cannon  
  20  2:58  Photon Cannon  
  20  3:05  Photon Cannon  
  20  3:14  Photon Cannon  
  20  3:21  Photon Cannon  
  20  3:33  Probe (Chrono Boost)  
  21  3:37  Photon Cannon  
  21  3:39  Photon Cannon  
  21  3:49  Photon Cannon  
Show
View Real Time Build Order
Export as new Build Order

capac Terran 

Build Orders:  

Get SALT Encoding   

  12  0:01  SCV  
  13  0:13  SCV  
  14  0:18  Supply Depot  
  14  0:25  SCV  
  15  0:39  SCV  
  15  0:42  Barracks  
  16  0:47  Refinery  
  16  0:52  SCV  
  17  1:04  SCV  
  18  1:16  SCV  
  19  1:20  Barracks  
  19  1:34  Supply Depot, Marine  
  15  2:16  Orbital Command  
  15  2:23  Marine  
  15  2:34  Marine  
  15  2:41  Marine  
  16  2:56  SCV  
Tags
 
Add a new tag
Caveats
  • Supply blocks, unpowered buildings, or Contaminate may cause inaccurate times.
  • Supply counts are checked every 10 seconds.